 Dungeon Crawl Stone Soup version 0.21.0-24-g2553a33 (webtiles) character file.

1473 tidbits the Firebug (level 8, -3/58 HPs)
             Began as a Gnoll Fire Elementalist on Jan 20, 2018.
             Was a Follower of Cheibriados.
             Slain by Grum
             ... wielding a +1 spear of venom
              (14 damage)
             ... on level 8 of the Dungeon.
             The game lasted 00:28:13 (2340 turns).

tidbits the Firebug (Gnoll Fire Elementalist)       Turns: 2340, Time: 00:28:14

Health: -3/58      AC:  5    Str: 10 (12) XL:     8   Next: 78%
Magic:  1/17       EV: 21    Int: 20 (22) God:    Cheibriados [*.....]
Gold:   208        SH:  0    Dex: 15 (18) Spells: 6/19 levels left

rFire    . . .     SeeInvis .   a - +1 hand axe (elec)
rCold    + . .     Gourm    .   (no shield)
rNeg     . . .     Faith    .   B - +1 robe {MR+}
rPois    .         Spirit   .   (no helmet)
rElec    .         Reflect  .   (no cloak)
rCorr    .         Harm     .   G - +1 pair of gloves
MR       +....                  (no boots)
Stlth    +++.......             (no amulet)
HPRegen  0.19/turn              q - ring of protection from cold
MPRegen  0.15/turn              V - +6 ring of evasion

@: lethally poisoned (-3 -> -10), about to teleport, very slow
A: distributed training, fangs 1, strong nose
a: Bend Time, Renounce Religion


You were on level 8 of the Dungeon.
You worshipped Cheibriados.
Cheibriados was aware of your devotion.
You were not hungry.

You visited 2 branches of the dungeon, and saw 9 of its levels.

You collected 208 gold pieces.

Inventory:

Hand Weapons
 a - a +1 hand axe of electrocution (weapon)
   (You took it off an orc on level 3 of the Dungeon)
 b - a +0 dagger of flaming
   (You took it off a goblin on level 3 of the Dungeon)
 d - a +0 hunting sling
 w - a +1 trident of freezing
   (You took it off an orc on level 4 of the Dungeon)
 A - a +0 morningstar
 E - a +1 whip of venom
   (You took it off an orc on level 4 of the Dungeon)
Missiles
 h - 21 stones
 i - 12 poisoned needles
 o - 88 arrows
 p - 8 tomahawks (quivered)
 z - 32 bolts
Armour
 m - a cursed +0 shield
 y - a +0 ring mail
 B - a +1 robe of magic resistance (worn)
   (You took it off Dowan on level 7 of the Dungeon)
 C - the cursed +0 chain mail "Yfaad Bikh" {rPois Dex+4}
   (You found it on level 7 of the Dungeon)

   It affects your dexterity (+4).
   It protects you from poison.
   It has a curse placed upon it.
 G - a +1 pair of gloves (worn)
Jewellery
 q - a ring of protection from cold (left hand)
   (You found it on level 3 of the Dungeon)
 V - a +6 ring of evasion (right hand)
   (You found it on level 1 of the Dungeon)
Wands
 n - a wand of digging (4)
Scrolls
 e - a scroll of fog
 g - a scroll of enchant armour
 j - 3 scrolls of teleportation
 r - 2 scrolls of remove curse
 s - a scroll of amnesia
Potions
 k - a potion of flight
 t - 4 potions of brilliance
Books
 l - a book of Flames

   Spells                             Type                      Level
   a - Flame Tongue                   Conjuration/Fire             1
   b - Throw Flame                    Conjuration/Fire             2
   c - Conjure Flame                  Conjuration/Fire             3
   d - Inner Flame                    Hexes/Fire                   3
   e - Sticky Flame                   Conjuration/Fire             4
   f - Fireball                       Conjuration/Fire             5
 D - a book of Changes
   (You found it on level 5 of the Dungeon)

   Spells                             Type                      Level
   a - Beastly Appendage              Transmutation                1
   b - Sticks to Snakes               Transmutation                2
   c - Spider Form                    Transmutation/Poison         3
   d - Ice Form                       Ice/Transmutation            4
   e - Blade Hands                    Transmutation                5
Comestibles
 c - 6 rations


   Skills:
 + Level 3.5 Fighting
 + Level 3.5 Short Blades
 + Level 3.5 Long Blades
 + Level 3.5 Axes
 + Level 3.5 Maces & Flails
 + Level 3.5 Polearms
 + Level 3.5 Staves
 + Level 3.5 Slings
 + Level 3.5 Bows
 + Level 3.5 Crossbows
 + Level 3.5 Throwing
 + Level 3.5 Armour
 + Level 5.8 Dodging
 + Level 5.5 Stealth
 + Level 3.5 Shields
 + Level 3.5 Unarmed Combat
 + Level 6.1 Spellcasting
 + Level 3.6 Conjurations
 + Level 2.8 Hexes
 + Level 2.8 Charms
 + Level 2.8 Summonings
 + Level 2.8 Necromancy
 + Level 2.8 Translocations
 + Level 2.8 Transmutations
 + Level 6.2 Fire Magic
 + Level 2.8 Ice Magic
 + Level 2.8 Air Magic
 + Level 2.8 Earth Magic
 + Level 2.8 Poison Magic
 + Level 3.8 Invocations
 + Level 3.5 Evocations


You had 6 spell levels left.
You knew the following spells:

 Your Spells              Type           Power        Failure   Level  Hunger
a - Flame Tongue          Conj/Fire      ####.        1%          1    None
c - Conjure Flame         Conj/Fire      ####....     4%          3    ##.....
e - Beastly Appendage     Tmut           ###...       3%          1    None
f - Throw Flame           Conj/Fire      ####..       1%          2    None
k - Sticks to Snakes      Tmut           ###.....     4%          2    None
t - Sticky Flame          Conj/Fire      ####....     13%         4    ####...


Dungeon Overview and Level Annotations

Branches:
Dungeon (8/15)             Temple (1/1) D:4
   Lair: D:8-11

Altars:
Cheibriados
Dithmenos
Elyvilon
Fedhas
Kikubaaqudgha
Makhleb
Okawaru
Qazlal
Ru
Sif Muna
Trog
Uskayaw
Vehumet
Wu Jian
Xom
Yredelemnul
Zin
The Shining One

Shops:
D:5 *   D:8 (*

Annotations:
D:3 p0werm0de's ghost, amateur HuCK
D:4 exclusions: orc, orc priest and orc warrior
D:7 p0werm0de's ghost, novice DsCK
D:8 Grum


Innate Abilities, Weirdness & Mutations

Your experience applies equally to all skills.
You have very sharp teeth.
Your uncanny sense of smell can sniff out nearby items.


Message History

The wolf is engulfed in blazing flames.
The wolf closely misses you.
The wolf pauses to sniff the ground.
You completely miss the wolf.
The wolf is moderately wounded.
The wolf is engulfed in blazing flames.
The wolf misses you. Grum misses you.
The wolf is engulfed in blazing flames.
The wolf completely misses you.
You miss the wolf.
The wolf is severely wounded.
The wolf is engulfed in blazing flames.
You kill the wolf!
Cheibriados thoroughly appreciates the change of pace.
Grum closely misses you.
Casting: Conjure Flame
Confirm with . or Enter, or press ? or * to list all spells.
Aiming: Flame Tongue
Press: ? - help, Shift-Dir - straight line, f - wolf
Aim: a wolf The flame tongue hits the wolf.
The wolf is moderately wounded.
Grum hits you from afar with a spear of venom.
You are poisoned.
Unknown command.
You feel sick.
Unknown command.
Evoke which item? (* to show all) (? for menu, Esc to quit)
Okay, then.
Casting: Flame Tongue
Confirm with . or Enter, or press ? or * to list all spells.
Aiming: Flame Tongue
Press: ? - help, Shift-Dir - straight line, f - Grum
Aim: Grum, wielding a spear of venom and wearing an animal skin The flame tongue hits Grum.
Grum is lightly wounded.
You feel sick.
Casting: Flame Tongue
Confirm with . or Enter, or press ? or * to list all spells.
Aiming: Flame Tongue
Press: ? - help, Shift-Dir - straight line, f/p - Grum
Aim: Grum, wielding a spear of venom and wearing an animal skin (lightly wounded)
The flame tongue misses Grum.
Casting: Flame Tongue
Confirm with . or Enter, or press ? or * to list all spells.
Aiming: Flame Tongue
Press: ? - help, Shift-Dir - straight line, f/p - Grum
Aim: Grum, wielding a spear of venom and wearing an animal skin (lightly wounded)
The flame tongue hits Grum.
Grum is moderately wounded.
You feel sick.
Casting: Flame Tongue
Confirm with . or Enter, or press ? or * to list all spells.
Aiming: Flame Tongue
Press: ? - help, Shift-Dir - straight line, f - wolf
Aim: a wolf (moderately wounded)
The flame tongue hits the wolf.
The wolf is severely wounded.
You feel sick.
Casting: Flame Tongue
Confirm with . or Enter, or press ? or * to list all spells.
Aiming: Flame Tongue
Press: ? - help, Shift-Dir - straight line, f - Grum, p - wolf
Aim: Grum, wielding a spear of venom and wearing an animal skin (moderately wounded)
The flame tongue hits Grum.
Grum is heavily wounded.
You feel sick.
You feel sick.
Grum shouts, "Rover!
Good boy!"
It was a potion of degeneration.
There was something very wrong with that liquid.
You feel weakened.
You feel dopey.
You feel clumsy.
You feel sick.
You completely miss the wolf. You bite the wolf, but do no damage.
The wolf is severely wounded.
You feel sick. The wolf completely misses you. The wolf closely misses you.
Casting: Flame Tongue
Confirm with . or Enter, or press ? or * to list all spells.
Aiming: Flame Tongue
Press: ? - help, Shift-Dir - straight line, f/p - Grum
Aim: Grum, wielding a spear of venom and wearing an animal skin (heavily wounded)
The flame tongue misses the wolf.
The flame tongue hits Grum.
Grum appears unharmed.
Grum is heavily wounded.
The wolf misses you.
Grum hits you from afar with a spear of venom!
* * * LOW HITPOINT WARNING * * *
You are more poisoned.
Okay, then.
You feel sick. The wolf misses you. The wolf completely misses you.
You feel sick.
You feel sick.
You feel sick.
You feel sick.
Your magical contamination has completely faded away.
You feel sick.
As you read the scroll of teleportation, it crumbles to dust.
You feel strangely unstable.
You feel sick. Grum closely misses you.
You feel sick.
Grum points his finger and shouts, "Rex!
Sic 'em!"
You feel sick. The wolf bites you but does no damage.
Grum hits you from afar with a spear of venom!
You die...

.####...# #........
#........## #....<...
######....####........
#......h#########
#...###a....# #a..#
#####..# # #g..#####
#.∩...
....####h.......
....... #....@.#######
####... ....###### ...
# .. ##


You could see Grum, a wolf and a worker ant.

Vanquished Creatures
  Duvessa (D:7)
  An ice beast (D:7)
  2 sky beasts
  A phantom (D:4)
  A wolf (D:8)
  A bullfrog (D:6)
  Dowan (D:7)
  A scorpion (D:4)
  A howler monkey (D:6)
  A crimson imp (D:6)
  A quasit (D:7)
  3 orc wizards
  2 bullfrog skeletons
  2 jellies
  A gnoll shaman (D:4)
  A hound (D:4)
  6 worker ants
  3 gnolls (D:4)
  8 adders
  2 shadow imps
  An ooze (D:3)
  A worm (D:3)
  3 leopard geckos
  23 orcs
  5 bats
  4 giant cockroaches
  6 goblins
  10 hobgoblins
  3 jackals (D:8)
  4 kobolds
  3 quokkas
  A ball python (D:4)
  A ball python skeleton (D:4)
  4 frilled lizards
  A leopard gecko skeleton (D:5)
  A quokka skeleton (D:6)
  7 rats
118 creatures vanquished.

Vanquished Creatures (others)
  A wyvern zombie (D:7)
1 creature vanquished.

Grand Total: 119 creatures vanquished

Notes
Turn   | Place    | Note
-------+----------+-------------------------------------------
     0 | D:1      | tidbits the Gnoll Fire Elementalist began the quest for the Orb.
     0 | D:1      | Reached XP level 1. HP: 13/13 MP: 6/6
    67 | D:1      | Reached skill level 2 in Conjurations
   112 | D:1      | Reached XP level 2. HP: 19/19 MP: 3/7
   116 | D:1      | Learned a level 2 spell: Throw Flame
   246 | D:2      | Reached skill level 5 in Spellcasting
   246 | D:2      | Reached XP level 3. HP: 25/25 MP: 5/9
   425 | D:2      | Reached skill level 1 in Invocations
   489 | D:3      | Found a basalt altar of Yredelemnul.
   518 | D:3      | Found a hide-covered altar of Uskayaw.
   520 | D:3      | Noticed p0werm0de's ghost (amateur HuCK)
   559 | D:2      | Learned a level 3 spell: Conjure Flame
   568 | D:2      | Reached skill level 1 in Fighting
   568 | D:2      | Reached skill level 1 in Short Blades
   568 | D:2      | Reached skill level 1 in Long Blades
   568 | D:2      | Reached skill level 1 in Axes
   568 | D:2      | Reached skill level 1 in Maces & Flails
   568 | D:2      | Reached skill level 1 in Polearms
   568 | D:2      | Reached skill level 1 in Staves
   568 | D:2      | Reached skill level 1 in Slings
   568 | D:2      | Reached skill level 1 in Bows
   568 | D:2      | Reached skill level 1 in Crossbows
   568 | D:2      | Reached skill level 1 in Throwing
   568 | D:2      | Reached skill level 1 in Armour
   568 | D:2      | Reached skill level 1 in Shields
   568 | D:2      | Reached skill level 1 in Unarmed Combat
   568 | D:2      | Reached skill level 1 in Evocations
   568 | D:2      | Reached XP level 4. HP: 22/32 MP: 4/11
   804 | D:3      | Reached skill level 1 in Hexes
   804 | D:3      | Reached skill level 1 in Charms
   804 | D:3      | Reached skill level 1 in Summonings
   804 | D:3      | Reached skill level 1 in Necromancy
   804 | D:3      | Reached skill level 1 in Translocations
   804 | D:3      | Reached skill level 1 in Transmutations
   804 | D:3      | Reached skill level 1 in Ice Magic
   804 | D:3      | Reached skill level 1 in Air Magic
   804 | D:3      | Reached skill level 1 in Earth Magic
   804 | D:3      | Reached skill level 1 in Poison Magic
   843 | D:3      | Found a shadowy altar of Dithmenos.
   851 | D:3      | Found a deep blue altar of Sif Muna.
   876 | D:3      | Reached XP level 5. HP: 16/37 MP: 9/12
   920 | D:3      | Learned a level 4 spell: Sticky Flame
   977 | D:4      | Noticed a phantom
   986 | D:4      | Killed a phantom
   990 | D:4      | Noticed an orc warrior
  1090 | D:4      | Reached XP level 6. HP: 43/44 MP: 5/13
  1126 | D:4      | Reached skill level 2 in Invocations
  1212 | D:4      | Reached skill level 5 in Dodging
  1232 | D:4      | Reached skill level 2 in Fighting
  1232 | D:4      | Reached skill level 2 in Short Blades
  1232 | D:4      | Reached skill level 2 in Long Blades
  1232 | D:4      | Reached skill level 2 in Axes
  1232 | D:4      | Reached skill level 2 in Maces & Flails
  1232 | D:4      | Reached skill level 2 in Polearms
  1232 | D:4      | Reached skill level 2 in Staves
  1232 | D:4      | Reached skill level 2 in Slings
  1232 | D:4      | Reached skill level 2 in Bows
  1232 | D:4      | Reached skill level 2 in Crossbows
  1232 | D:4      | Reached skill level 2 in Throwing
  1232 | D:4      | Reached skill level 2 in Armour
  1232 | D:4      | Reached skill level 2 in Shields
  1232 | D:4      | Reached skill level 2 in Unarmed Combat
  1232 | D:4      | Reached skill level 2 in Evocations
  1269 | D:5      | Entered Level 5 of the Dungeon
  1387 | D:7      | Got a slimy chain mail
  1403 | D:6      | Reached XP level 7. HP: 32/50 MP: 12/15
  1426 | D:6      | Identified the cursed +0 chain mail "Yfaad Bikh" {rPois Dex+4} (You found it on level 7 of the Dungeon)
  1606 | D:7      | Noticed p0werm0de's ghost (novice DsCK)
  1606 | D:7      | Reached skill level 2 in Hexes
  1606 | D:7      | Reached skill level 2 in Charms
  1606 | D:7      | Reached skill level 2 in Summonings
  1606 | D:7      | Reached skill level 2 in Necromancy
  1606 | D:7      | Reached skill level 2 in Translocations
  1606 | D:7      | Reached skill level 2 in Transmutations
  1606 | D:7      | Reached skill level 2 in Ice Magic
  1606 | D:7      | Reached skill level 2 in Air Magic
  1606 | D:7      | Reached skill level 2 in Earth Magic
  1606 | D:7      | Reached skill level 2 in Poison Magic
  1614 | D:6      | Reached skill level 3 in Conjurations
  1677 | D:5      | Found Gozag's Platinum Reserve.
  1736 | D:5      | Learned a level 2 spell: Sticks to Snakes
  1801 | D:4      | Found a staircase to the Ecumenical Temple.
  1806 | Temple   | Entered the Ecumenical Temple
  1836 | Temple   | Became a worshipper of Cheibriados the Contemplative
  1938 | D:5      | Reached skill level 5 in Stealth
  1938 | D:5      | Reached skill level 3 in Invocations
  2032 | D:4      | You fall through a shaft for 2 floors!
  2060 | D:6      | Reached skill level 6 in Fire Magic
  2060 | D:6      | Reached XP level 8. HP: 38/57 MP: 10/16
  2142 | D:7      | Reached skill level 3 in Fighting
  2142 | D:7      | Reached skill level 3 in Short Blades
  2142 | D:7      | Reached skill level 3 in Long Blades
  2142 | D:7      | Reached skill level 3 in Axes
  2142 | D:7      | Reached skill level 3 in Maces & Flails
  2142 | D:7      | Reached skill level 3 in Polearms
  2142 | D:7      | Reached skill level 3 in Staves
  2142 | D:7      | Reached skill level 3 in Slings
  2142 | D:7      | Reached skill level 3 in Bows
  2142 | D:7      | Reached skill level 3 in Crossbows
  2142 | D:7      | Reached skill level 3 in Throwing
  2142 | D:7      | Reached skill level 3 in Armour
  2142 | D:7      | Reached skill level 3 in Shields
  2142 | D:7      | Reached skill level 3 in Unarmed Combat
  2142 | D:7      | Reached skill level 3 in Evocations
  2149 | D:7      | Noticed Duvessa
  2151 | D:7      | Noticed Dowan
  2182 | D:7      | Killed Duvessa
  2182 | D:7      | Reached skill level 6 in Spellcasting
  2188 | D:7      | Killed Dowan
  2264 | D:7      | Learned a level 1 spell: Beastly Appendage
  2267 | D:8      | Found a shimmering altar of Xom.
  2271 | D:8      | Reached * piety under Cheibriados
  2286 | D:8      | Found Yfauc's Antique Weapon Emporium.
  2310 | D:8      | Found Ofek Kup's Assorted Antiques.
  2312 | D:8      | Noticed Grum
  2340 | D:8      | Slain by Grum

Skill      XL: |  1  2  3  4  5  6  7  8 |
---------------+-------------------------+-----
Conjurations   | 2 3 |  3.6
Spellcasting   | 5 6 |  6.1
Invocations    | 1 2 3 |  3.8
Fighting       | 1 2 3 |  3.5
Short Blades   | 1 2 3 |  3.5
Long Blades    | 1 2 3 |  3.5
Axes           | 1 2 3 |  3.5
Maces & Flails | 1 2 3 |  3.5
Polearms       | 1 2 3 |  3.5
Staves         | 1 2 3 |  3.5
Slings         | 1 2 3 |  3.5
Bows           | 1 2 3 |  3.5
Crossbows      | 1 2 3 |  3.5
Throwing       | 1 2 3 |  3.5
Armour         | 1 2 3 |  3.5
Shields        | 1 2 3 |  3.5
Unarmed Combat | 1 2 3 |  3.5
Evocations     | 1 2 3 |  3.5
Hexes          | 1 2 |  2.8
Charms         | 1 2 |  2.8
Summonings     | 1 2 |  2.8
Necromancy     | 1 2 |  2.8
Translocations | 1 2 |  2.8
Transmutations | 1 2 |  2.8
Ice Magic      | 1 2 |  2.8
Air Magic      | 1 2 |  2.8
Earth Magic    | 1 2 |  2.8
Poison Magic   | 1 2 |  2.8
Dodging        | 5 |  5.8
Stealth        | 5 |  5.5
Fire Magic     | 6 |  6.2

Action                   |  1- 3 |  4- 6 |  7- 9 || total
-------------------------+-------+-------+-------++-------
Melee: Dagger            |     8 |    18 |     2 ||    28
       Hand axe          |       |    52 |    81 ||   133
       Bite              |       |    11 |     8 ||    19
       Punch             |       |       |     1 ||     1
       Headbutt          |       |       |     1 ||     1
 Cast: Flame Tongue      |    37 |    58 |    53 ||   148
       Conjure Flame     |       |     2 |     5 ||     7
       Throw Flame       |       |     2 |     4 ||     6
       Sticky Flame      |       |     1 |     9 ||    10
       Beastly Appendage |       |       |     1 ||     1
  Use: Scroll            |     4 |     3 |     8 ||    15
       Potion            |       |     4 |     4 ||     8
 Stab: Sleeping          |     2 |     2 |     2 ||     6
  Eat: Ration            |       |     1 |     1 ||     2
       Chunk             |       |     1 |       ||     1
Armor: Robe              |     3 |     5 |    25 ||    33
Dodge: Dodged            |    15 |    78 |   125 ||   218

Table legend:
 A = Turns spent in this place as a percentage of turns spent in the entire game.
 B = Non-inter-level travel turns spent in this place as a percentage of non-inter-level travel turns spent in the entire game.
 C = Inter-level travel turns spent in this place as a percentage of turns spent in this place.
 D = Turns resting spent in this place as a percentage of non-inter-level travel turns spent in this place.
 E = Turns spent auto-exploring this place as a percentage of non-inter-level travel turns spent in this place.
 F = Non-inter-level travel turns spent in this place divided by the number of levels of this place that you've seen.
                   A       B       C       D       E      F
               +-------+-------+-------+-------+-------+----------------------
         Total | 100.0 | 100.0 |   0.8 |   0.0 |   0.0 | 258.0
       Dungeon |  98.1 |  98.6 |   0.3 |   0.0 |   0.0 | 286.2
        Temple |   1.9 |   1.4 |  27.3 |   0.0 |   0.0 |  32.0
               +-------+-------+-------+-------+-------+----------------------

Table legend:
 A = Kills in this place as a percentage of kills in entire the game.
 B = Kills by you in this place as a percentage of kills by you in the entire game.
 C = Kills by friends in this place as a percentage of kills by friends in the entire game.
 D = Other kills in this place as a percentage of other kills in the entire game.
 E = Experience gained in this place as a percentage of experience gained in the entire game.
 F = Experience gained in this place divided by the number of levels of this place that you have seen.
                   A       B       C       D       E      F
               +-------+-------+-------+-------+-------+----------------------
         Total | 100.0 | 100.0 |   N/A |   N/A | 100.0 | 233.9
       Dungeon | 100.0 | 100.0 |   N/A |   N/A | 100.0 | 263.1
               +-------+-------+-------+-------+-------+----------------------

Vault maps used:
D:1:      dpeg_arrival_concentric_ovals
D:2:      nicolae_overflow_crystal_walls
D:3:      overflow_temple_1_default, nicolae_dithmenos_shadow_blocks,
          yredelemnul_forgotten_temple_becter, eat_drink_and_be_merry_uskayaw,
          lemuel_doored_altar
D:4:      minmay_temple_entry_nine_rooms, first_ration
D:5:      kennysheep_little_box, nicolae_gozag_zags_fifth_avenue
D:7:      grunt_ogre_cave, uniq_duvessa
D:8:      cheibrodos_grave_circle, xom_teletrap_fun, serial_shops,
          nicolae_shop_competitors_out_of_business, shop, shop,
          nicolae_shop_stone, shop, nrook_mini_vaults, uniq_pikel, uniq_grum
Temple:   cyrus_circular_temple
